Construct Weapon Support Center
Selects Airborne Battlegroup
Selects Heavy Machine Gun Paradrop
Heavy Machine Gun Paradrop
Construct Medical Station
Heavy Machine Gun Paradrop
Selects Paratrooper Squad Paradrop
Paratrooper Squad Paradrop
Mechanized Support Center
Improved M9 Bazooka Rockets
Selects Anti-tank Gun Team Paradrop
Anti-tank Gun Team Paradrop
M4(105) Sherman Bulldozer
Paratrooper Squad Paradrop
Anti-tank Gun Team Paradrop